AoeStats
← MagicRobin3573

MegaRandom

504400271Analyzed
1v1 RM · 27d ago on Sep 5, 2026· 31m 30s· 2 players
Game mode
Random Map
Map size
Tiny (2 player)
Population
200
Speed
Normal
Resources
Standard
Victory
Conquest
Starting age
Dark Age
Ending age
Imperial Age
RankedLock teamsTeams togetherTeam positionsShared explorationLock speedFull tech treeHidden civsTurbo modeCheats
Victory
Defeat
🇺🇸 Malay · United States
1591
+9
🇺🇸 Goths · United States
1433
-9
MagicRobin3573
13:01 Feudal Age
16:23 Castle Age
14:20 Double-Bit Axe
15:00 Horse Collar
16:44 Wheelbarrow
16:55 Bow Saw
20:23 Hand Cart
21:43 Forging
23:55 Squires
23:41 Arson
24:35 Iron Casting
28:09 Imperial Age
28:44 Conscription
29:51 Blast Furnace
30:47 Loom
Zuppa
0:26 Loom
11:24 Feudal Age
12:25 Double-Bit Axe
12:21 Horse Collar
17:25 Castle Age
15:51 Stone Mining
16:02 Gold Mining
18:31 Bow Saw
18:22 Heavy Plow
20:13 Gold Mining
26:26 Wheelbarrow
26:47 Scale Mail Armor
26:57 Forging
27:50 Hand Cart
27:23 Man-at-Arms
28:06 Squires
28:01 Long Swordsman
28:58 Chain Mail Armor
29:22 Iron Casting
31:08 Fletching
Connection lost

Rejoining the realm…

Still unreachable

The connection could not be restored.

Session expired

The server has moved on; the page needs a fresh start.